HSSL
JOHN JAY HS PATRIOTS @ RANDALL HS RAIDERS
05/11/2024
 
TOP OF THE 1ST
John Jay HS Patriots batting - Pitching for Randall HS Raiders : LHP Gene Johnston
Pitching: LHP Gene Johnston
Batting: SHB Theodore Cook 0-0: SINGLE (Groundball, 6M)
Batting: RHB Carlos Salas 0-0: Ball
1-0: Called Strike
1-1: Ball
2-1: Swinging Strike
2-2: Ball
Theodore Cook steals 2nd base
3-2: Fly out, F9 (Flyball, 9M)
Batting: RHB Marlon Hernández 0-0: Ball
1-0: Ball
2-0: Called Strike
2-1: Foul Ball, location: 2F
2-2: SINGLE (Flyball, 9LS)
Theodore Cook to third
Runner from 3rd tries for Home, SAFE, no throw or cutoff
Batting: RHB Micheal Banks 0-0: Called Strike
0-1: Called Strike
0-2: Foul Ball, location: 2F
0-2: SINGLE (Line Drive, 56)
Marlon Hernández to second
Batting: RHB Esteban Concepción 0-0: Grounds into double play, 6-4-3 (Groundball, 6)
Top of the 1st over - 1 run(s), 3 hit(s), 0 error(s), 1 left on base; John Jay HS 1 - Randall HS 0
BOTTOM OF THE 1ST
Randall HS Raiders batting - Pitching for John Jay HS Patriots : RHP Paul Horning
Pitching: RHP Paul Horning
Batting: RHB Paul Liddle 0-0: Foul Ball, location: 2F
0-1: SINGLE (Groundball, 4MD)
Batting: RHB Jake Reeves 0-0: Ball
1-0: SINGLE (Groundball, 34D)
Paul Liddle to second
Throwing error, E9
Paul Liddle scores
Jake Reeves to second
Batting: RHB Rob Cooper 0-0: Called Strike
0-1: Ball
1-1: Ball
2-1: Foul Ball, location: 2F
2-2: Strikes out swinging
Batting: LHB Carlos Valentín 0-0: Foul Ball, location: 2F
0-1: Ball
1-1: Ground out 4-3 (Groundball, 4M)
Jake Reeves to third
Batting: RHB José Carlos Santos 0-0: Ball
1-0: SINGLE (Line Drive, 6M)
Jake Reeves scores
Batting: RHB Phil Hacker 0-0: Ball
1-0: Ball
2-0: Foul Ball, location: 2F
2-1: Ball
3-1: Base on Balls
José Carlos Santos to second
Batting: SHB Bryan Long 0-0: Called Strike
0-1: Ball
1-1: Ball
2-1: Foul Ball, location: 2F
2-2: Strikes out swinging
Bottom of the 1st over - 2 run(s), 3 hit(s), 1 error(s), 2 left on base; John Jay HS 1 - Randall HS 2
TOP OF THE 2ND
John Jay HS Patriots batting - Pitching for Randall HS Raiders : LHP Gene Johnston
Batting: RHB Jason Taylor 0-0: Foul Ball, location: 2F
0-1: Ball
1-1: Ball
2-1: Ball
3-1: Foul Ball, location: 2F
3-2: Foul Ball, location: 2F
3-2: Foul Ball, location: 2F
3-2: Reached on Error, E7 (Flyball, 7M)
Batting: RHB Robert Porter 0-0: Reached on error, E5 (Groundball, 5S)
Jason Taylor to second
Batting: LHB Tim Griffith 0-0: Fly out, F9 (Flyball, 9M)
Batting: SHB Karl Webster 0-0: Ball
1-0: Called Strike
1-1: SINGLE (Line Drive, 8RS)
Jason Taylor to third
Robert Porter to second
Batting: SHB Theodore Cook 0-0: SINGLE (Line Drive, 89S)
Jason Taylor scores
Robert Porter to third
Karl Webster to second
Runner from 3rd tries for Home, SAFE, throw made home
Karl Webster to third
Theodore Cook to second
Batting: RHB Carlos Salas 0-0: Ground out 6-3 (Groundball, 6M)
Karl Webster scores
Theodore Cook to third
Batting: RHB Marlon Hernández 0-0: DOUBLE (Line Drive, 7LM)
Theodore Cook scores
Batting: RHB Micheal Banks 0-0: Called Strike
0-1: Called Strike
0-2: Ball
1-2: Fly out, F9 (Flyball, 9D)
Top of the 2nd over - 4 run(s), 3 hit(s), 2 error(s), 1 left on base; John Jay HS 5 - Randall HS 2
BOTTOM OF THE 2ND
Randall HS Raiders batting - Pitching for John Jay HS Patriots : RHP Paul Horning
Batting: LHB Jeff Stevens 0-0: Called Strike
0-1: Hit by Pitch
Batting: LHB Rob Witt 0-0: Called Strike
0-1: Called Strike
0-2: Strikes out swinging
Batting: RHB Paul Liddle 0-0: Ball
Jeff Stevens steals 2nd base
1-0: Ball
2-0: Ball
3-0: Called Strike
3-1: Called Strike
3-2: Base on Balls
Batting: RHB Jake Reeves 0-0: Foul Ball, location: 2F
0-1: Swinging Strike
0-2: Hit by Pitch
Jeff Stevens to third
Paul Liddle to second
Batting: RHB Rob Cooper 0-0: Ball
1-0: Ball
2-0: Called Strike
2-1: Ball
3-1: Base on Balls
Jeff Stevens scores
Paul Liddle to third
Jake Reeves to second
Batting: LHB Carlos Valentín 0-0: Grounds into double play, 4-6-3 (Groundball, 34)
Bottom of the 2nd over - 1 run(s), 0 hit(s), 0 error(s), 2 left on base; John Jay HS 5 - Randall HS 3
TOP OF THE 3RD
John Jay HS Patriots batting - Pitching for Randall HS Raiders : LHP Gene Johnston
Batting: RHB Esteban Concepción 0-0: Ball
1-0: Ground out 4-3 (Groundball, 4)
Batting: RHB Jason Taylor 0-0: Ball
1-0: Ball
2-0: Foul Ball, location: 2F
2-1: Ball
3-1: Ground out 1-3 (Groundball, 23)
Batting: RHB Robert Porter 0-0: Called Strike
0-1: Called Strike
0-2: Strikes out looking
Top of the 3rd over - 0 run(s), 0 hit(s), 0 error(s), 0 left on base; John Jay HS 5 - Randall HS 3
BOTTOM OF THE 3RD
Randall HS Raiders batting - Pitching for John Jay HS Patriots : RHP Paul Horning
Batting: RHB José Carlos Santos 0-0: Ball
1-0: Ball
2-0: Called Strike
2-1: Fly out, F8 (Flyball, 8LS)
Batting: RHB Phil Hacker 0-0: Called Strike
0-1: Fly out, F9 (Flyball, 9LS)
Batting: SHB Bryan Long 0-0: SINGLE (Line Drive, 89S)
Batting: LHB Jeff Stevens 0-0: Swinging Strike
0-1: Foul Ball, location: 2F
0-2: Foul Ball, location: 2F
0-2: 2-RUN HOME RUN (Flyball, 9D), Distance : 385 ft
Batting: LHB Rob Witt 0-0: Ball
1-0: Called Strike
1-1: Called Strike
1-2: Ground out 1-3 (Groundball, 13S)
Bottom of the 3rd over - 2 run(s), 2 hit(s), 0 error(s), 0 left on base; John Jay HS 5 - Randall HS 5
TOP OF THE 4TH
John Jay HS Patriots batting - Pitching for Randall HS Raiders : LHP Gene Johnston
Batting: LHB Tim Griffith 0-0: Ball
1-0: SINGLE (Line Drive, 78M)
Batting: SHB Karl Webster 0-0: Ball
1-0: Swinging Strike
1-1: Ball
2-1: Called Strike
2-2: Foul Ball, location: 2F
2-2: SINGLE (Groundball, 6MD)
Tim Griffith to second
Batting: SHB Theodore Cook 0-0: Foul Ball, location: 2F
0-1: Ball
Wild Pitch!
Tim Griffith to third
Karl Webster to second
1-1: Called Strike
1-2: Foul Ball, location: 2F
1-2: Ball
2-2: Foul Ball, location: 2F
2-2: Foul Ball, location: 2F
2-2: Ball
3-2: Foul Ball, location: 2F
3-2: Foul Ball, location: 2F
3-2: Base on Balls
Batting: RHB Carlos Salas 0-0: Foul Ball, location: 2F
0-1: Ball
1-1: Ball
2-1: Foul Ball, location: 2F
2-2: Foul Ball, location: 2F
2-2: Foul Ball, location: 2F
2-2: Foul Ball, location: 2F
2-2: SINGLE (Groundball, 56D)
Tim Griffith scores
Karl Webster to third
Theodore Cook to second
Batting: RHB Marlon Hernández 0-0: Swinging Strike
0-1: Fly out, F3 (Popup, 3F)
Batting: RHB Micheal Banks 0-0: Foul Ball, location: 2F
0-1: SINGLE (Groundball, 6MD)
Karl Webster scores
Theodore Cook to third
Carlos Salas to second
Runner from 3rd tries for Home, SAFE, no throw or cutoff
Pitching: LHP Paul Pearson
Batting: RHB Esteban Concepción 0-0: Called Strike
0-1: DOUBLE (Groundball, 5L)
Carlos Salas scores
Micheal Banks to third
Runner from 3rd tries for Home, SAFE, throw made at trailing runner, OUT at third!
Batting: RHB Jason Taylor 0-0: Foul Ball, location: 2F
0-1: Swinging Strike
0-2: Ball
1-2: Fly out, F7 (Flyball, 7M)
Top of the 4th over - 5 run(s), 5 hit(s), 0 error(s), 0 left on base; John Jay HS 10 - Randall HS 5
BOTTOM OF THE 4TH
Randall HS Raiders batting - Pitching for John Jay HS Patriots : RHP Paul Horning
Batting: RHB Paul Liddle 0-0: Ball
1-0: Ball
2-0: Ball
3-0: Called Strike
3-1: Base on Balls
Batting: RHB Jake Reeves 0-0: Foul Ball, location: 2F
0-1: 2-RUN HOME RUN (Flyball, 7D), Distance : 374 ft
Pitching: RHP Carl Woodward
Batting: RHB Rob Cooper 0-0: Ball
1-0: Called Strike
1-1: Foul Ball, location: 2F
1-2: Ball
2-2: Hit by Pitch
Batting: LHB Carlos Valentín 0-0: Called Strike
0-1: Called Strike
0-2: Ball
1-2: Strikes out swinging
Batting: RHB José Carlos Santos 0-0: Ball
Rob Cooper is caught stealing 2nd base
1-0: Ball
2-0: Called Strike
2-1: Foul Ball, location: 2F
2-2: Ball
3-2: Foul Ball, location: 2F
3-2: Foul Ball, location: 2F
3-2: Base on Balls
Batting: RHB Phil Hacker 0-0: Swinging Strike
0-1: Swinging Strike
0-2: Strikes out looking
Bottom of the 4th over - 2 run(s), 1 hit(s), 0 error(s), 1 left on base; John Jay HS 10 - Randall HS 7
TOP OF THE 5TH
John Jay HS Patriots batting - Pitching for Randall HS Raiders : LHP Paul Pearson
Batting: RHB Robert Porter 0-0: SINGLE (Line Drive, 7LS)
Batting: LHB Tim Griffith 0-0: Foul Ball, location: 2F
0-1: Ball
1-1: Swinging Strike
1-2: SINGLE (Flyball, 8LM)
Robert Porter to second
Batting: SHB Karl Webster 0-0: Hit by Pitch
Robert Porter to third
Tim Griffith to second
Batting: SHB Theodore Cook 0-0: Grounds into double play, 6-4-3 (Groundball, 6)
Robert Porter scores
Tim Griffith to third
Batting: RHB Carlos Salas 0-0: Ball
1-0: Ball
2-0: Called Strike
2-1: Ground out 5-3 (Groundball, 56S)
Top of the 5th over - 1 run(s), 2 hit(s), 0 error(s), 1 left on base; John Jay HS 11 - Randall HS 7
BOTTOM OF THE 5TH
Randall HS Raiders batting - Pitching for John Jay HS Patriots : RHP Carl Woodward
Batting: SHB Bryan Long 0-0: Ground out 3-1 (Groundball, 34)
Batting: LHB Jeff Stevens 0-0: Ball
1-0: SINGLE (Flyball, 7LS)
Batting: LHB Rob Witt 0-0: Called Strike
0-1: Called Strike
0-2: Strikes out swinging
Batting: RHB Paul Liddle 0-0: Called Strike
0-1: Swinging Strike
0-2: Foul Ball, location: 2F
0-2: Strikes out swinging
Bottom of the 5th over - 0 run(s), 1 hit(s), 0 error(s), 1 left on base; John Jay HS 11 - Randall HS 7
TOP OF THE 6TH
John Jay HS Patriots batting - Pitching for Randall HS Raiders : LHP Paul Pearson
Batting: RHB Marlon Hernández 0-0: Ball
1-0: Ground out 6-3 (Groundball, 6M)
Batting: RHB Micheal Banks 0-0: Ball
1-0: Ball
2-0: Foul Ball, location: 2F
2-1: Ball
3-1: Base on Balls
Batting: RHB Esteban Concepción 0-0: 2-RUN HOME RUN (Flyball, 7D), Distance : 386 ft
Pitching: RHP Adam Miller
Batting: RHB Jason Taylor 0-0: Called Strike
0-1: Foul Ball, location: 2F
0-2: Ball
1-2: Ball
2-2: SOLO HOME RUN (Flyball, 7D), Distance : 393 ft
Batting: RHB Robert Porter 0-0: Ball
1-0: Called Strike
1-1: DOUBLE (Line Drive, 78M)
Batting: LHB Tim Griffith 0-0: Ball
1-0: Swinging Strike
1-1: Ball
2-1: Ball
3-1: Base on Balls
Batting: SHB Karl Webster 0-0: Ball
1-0: Ball
2-0: Ball
3-0: Called Strike
3-1: Called Strike
3-2: Base on Balls
Robert Porter to third
Tim Griffith to second
Batting: SHB Theodore Cook 0-0: Foul Ball, location: 2F
0-1: Ball
1-1: Foul Ball, location: 2F
1-2: Ball
2-2: SINGLE (Groundball, 6M)
Robert Porter scores
Tim Griffith to third
Karl Webster to second
Runner from 3rd tries for Home, SAFE, no throw or cutoff
Pitching: LHP Brett French
Batting: RHB Carlos Salas 0-0: Foul Ball, location: 2F
0-1: Ball
1-1: Ball
2-1: Foul Ball, location: 2F
2-2: Ball
3-2: Strikes out swinging
Batting: RHB Marlon Hernández 0-0: Ball
1-0: Fly out, F3 (Popup, 3SF)
Top of the 6th over - 5 run(s), 4 hit(s), 0 error(s), 2 left on base; John Jay HS 16 - Randall HS 7
BOTTOM OF THE 6TH
Randall HS Raiders batting - Pitching for John Jay HS Patriots : RHP Carl Woodward
Batting: RHB Jake Reeves 0-0: Ball
1-0: Ball
2-0: Called Strike
2-1: Swinging Strike
2-2: Ball
3-2: Strikes out swinging
Batting: RHB Rob Cooper 0-0: Ball
1-0: Called Strike
1-1: Called Strike
1-2: Foul Ball, location: 2F
1-2: Foul Ball, location: 2F
1-2: Strikes out swinging
Batting: LHB Carlos Valentín 0-0: Foul Ball, location: 2F
0-1: Called Strike
0-2: Strikes out looking
Bottom of the 6th over - 0 run(s), 0 hit(s), 0 error(s), 0 left on base; John Jay HS 16 - Randall HS 7
TOP OF THE 7TH
John Jay HS Patriots batting - Pitching for Randall HS Raiders : LHP Brett French
Batting: RHB Micheal Banks 0-0: Ball
1-0: Ball
2-0: Swinging Strike
2-1: Ball
3-1: Fly out, F7 (Line Drive, 7M)
Batting: RHB Esteban Concepción 0-0: Ball
1-0: Ball
2-0: Fly out, F8 (Line Drive, 8RD)
Batting: RHB Jason Taylor 0-0: SINGLE (Popup, 89S)
Batting: RHB Robert Porter 0-0: Called Strike
0-1: SINGLE (Groundball, 6)
Jason Taylor to second
Batting: LHB Tim Griffith 0-0: Ball
1-0: Called Strike
1-1: Ball
2-1: Ball
3-1: Fly out, F6 (Popup, 6)
Top of the 7th over - 0 run(s), 2 hit(s), 0 error(s), 2 left on base; John Jay HS 16 - Randall HS 7
BOTTOM OF THE 7TH
Randall HS Raiders batting - Pitching for John Jay HS Patriots : RHP Carl Woodward
Pitching: RHP Stanley Benson
Batting: RHB José Carlos Santos 0-0: Ball
1-0: Called Strike
1-1: Fly out, F5 (Line Drive, 56)
Batting: RHB Phil Hacker 0-0: Ball
1-0: Ball
2-0: Ground out 5-3 (Groundball, 5S)
Batting: SHB Bryan Long 0-0: Ball
1-0: Ball
2-0: Ball
3-0: Called Strike
3-1: Called Strike
3-2: Base on Balls
Batting: LHB Jeff Stevens 0-0: Foul Ball, location: 2F
0-1: Ball
1-1: Ball
2-1: Ball
3-1: Base on Balls
Bryan Long to second
Batting: LHB Rob Witt 0-0: Called Strike
0-1: Ball
1-1: Foul Ball, location: 2F
1-2: SINGLE (Groundball, 34D)
Bryan Long to third
Jeff Stevens to second
Runner from 3rd tries for Home, SAFE, no throw or cutoff
Batting: RHB Paul Liddle 0-0: Called Strike
0-1: Fielders Choice at 2nd, U6 (Groundball, 6M)
Bottom of the 7th over - 1 run(s), 1 hit(s), 0 error(s), 2 left on base; John Jay HS 16 - Randall HS 8
TOP OF THE 8TH
John Jay HS Patriots batting - Pitching for Randall HS Raiders : LHP Brett French
Batting: SHB Karl Webster 0-0: Swinging Strike
0-1: Ball
1-1: Ball
2-1: SINGLE (Groundball, 56D)
Batting: SHB Theodore Cook 0-0: Bunt missed!
0-1: Bunted foul
0-2: Ball
1-2: Strikes out swinging
Pitching: RHP Javier Rodríguez
Batting: RHB Carlos Salas 0-0: Called Strike
0-1: Ball
1-1: Ball
2-1: Foul Ball, location: 2F
2-2: Strikes out swinging
Batting: RHB Marlon Hernández 0-0: Ball
1-0: Ball
2-0: Called Strike
2-1: Ball
3-1: Base on Balls
Karl Webster to second
Batting: RHB Micheal Banks 0-0: Called Strike
0-1: Ball
1-1: Ball
2-1: Foul Ball, location: 2F
2-2: Foul Ball, location: 2F
2-2: Foul Ball, location: 2F
2-2: Foul Ball, location: 2F
2-2: Ball
3-2: SINGLE (Line Drive, 56)
Karl Webster to third
Marlon Hernández to second
Karl Webster scores
Marlon Hernández to third
Batting: RHB Esteban Concepción 0-0: Ball
1-0: Ball
2-0: Called Strike
2-1: Ball
3-1: SINGLE (Line Drive, 6)
Marlon Hernández scores
Micheal Banks to second
Batting: RHB Jason Taylor 0-0: Called Strike
0-1: Foul Ball, location: 2F
0-2: Ball
1-2: Ball
2-2: Ball
3-2: Strikes out swinging
Top of the 8th over - 2 run(s), 3 hit(s), 0 error(s), 2 left on base; John Jay HS 18 - Randall HS 8
BOTTOM OF THE 8TH
Randall HS Raiders batting - Pitching for John Jay HS Patriots : RHP Stanley Benson
Now at C: Henry Catron
Now at 3B: Andre Keeler
Batting: RHB Jake Reeves 0-0: Foul Ball, location: 2F
0-1: Ball
1-1: Foul Ball, location: 2F
1-2: Ball
2-2: Reached on error, E5 (Groundball, 5L)
Batting: RHB Rob Cooper 0-0: Called Strike
0-1: Foul Ball, location: 2F
0-2: Ball
1-2: SINGLE (Line Drive, 4MD)
Jake Reeves to second
Batting: LHB Carlos Valentín 0-0: Called Strike
0-1: Foul Ball, location: 2F
0-2: Strikes out swinging
Batting: RHB José Carlos Santos 0-0: Called Strike
0-1: Called Strike
0-2: Ball
1-2: SINGLE (Popup, 34D)
Jake Reeves to third
Rob Cooper to second
Batting: RHB Phil Hacker 0-0: Called Strike
0-1: Foul Ball, location: 2F
0-2: Ball
1-2: Ball
2-2: Ground out 4-3 (Groundball, 4M)
Jake Reeves scores
Rob Cooper to third
José Carlos Santos to second
Batting: SHB Bryan Long 0-0: Ball
1-0: Ball
2-0: Called Strike
2-1: Ball
3-1: Base on Balls
Batting: LHB Jeff Stevens 0-0: Called Strike
0-1: Ball
1-1: SINGLE (Line Drive, 4M)
Rob Cooper scores
José Carlos Santos to third
Bryan Long to second
Batting: LHB Rob Witt 0-0: Called Strike
0-1: Ball
1-1: Foul Ball, location: 2F
1-2: Strikes out looking
Bottom of the 8th over - 2 run(s), 3 hit(s), 1 error(s), 3 left on base; John Jay HS 18 - Randall HS 10
TOP OF THE 9TH
John Jay HS Patriots batting - Pitching for Randall HS Raiders : RHP Javier Rodríguez
Batting: RHB Robert Porter 0-0: Called Strike
0-1: Foul Ball, location: 2F
0-2: Strikes out swinging
Batting: LHB Tim Griffith 0-0: Ground out 6-3 (Groundball, 6)
Batting: SHB Karl Webster 0-0: Swinging Strike
0-1: Ball
1-1: Foul Ball, location: 2F
1-2: SINGLE (Line Drive, 34)
Batting: SHB Theodore Cook 0-0: Ball
1-0: Ball
2-0: Called Strike
2-1: Ball
3-1: Base on Balls
Karl Webster to second
Batting: RHB Carlos Salas 0-0: Ball
1-0: Foul Ball, location: 2F
1-1: Ball
2-1: Ball
3-1: Called Strike
3-2: Base on Balls
Karl Webster to third
Theodore Cook to second
Batting: SHB Andre Keeler 0-0: Called Strike
0-1: Ball
1-1: Swinging Strike
1-2: Strikes out swinging
Top of the 9th over - 0 run(s), 1 hit(s), 0 error(s), 3 left on base; John Jay HS 18 - Randall HS 10
BOTTOM OF THE 9TH
Randall HS Raiders batting - Pitching for John Jay HS Patriots : RHP Stanley Benson
Pitching: RHP Andre Huff
Batting: RHB Paul Liddle 0-0: Ball
1-0: Ball
2-0: Ball
3-0: Base on Balls
Batting: RHB Jake Reeves 0-0: Grounds into double play, 4-6-3 (Groundball, 4)
Batting: RHB Rob Cooper 0-0: Ball
1-0: Ball
2-0: Foul Ball, location: 2F
2-1: Foul Ball, location: 2F
2-2: Ball
3-2: Strikes out swinging
Bottom of the 9th over - 0 run(s), 0 hit(s), 0 error(s), 0 left on base; John Jay HS 18 - Randall HS 10
This league is powered by Out of the Park Baseball, the baseball management simulation game for PC, Mac and Linux
Saturday, April 9th, 2016 - OOTP Baseball 16.8 Build 38